Map: Acid Plant LE

Players

Neeb - Winner!

  • Race: Protoss Protoss
  • Spawn Location: 11:00

SpeCial

  • Race: Terran Terran
  • League: Master
  • Spawn Location: 5:00

Event: IEM Season 12 - PyeongChang

VOD

Have the link to the VOD?

Description

Time

  • Played on: Feb. 4, 2018, 5:20 p.m.
  • Length: 6:57

All games in this series

Show
View Real Time Build Order
Export as new Build Order

Neeb Protoss - Winner!

Build Orders: 1 Gate Expand, Oracle Opening, Phoenix Opening, Mass Phoenix 

Get SALT Encoding   

  12  0:00  Probe  
  13  0:12  Probe  
  14  0:18  Pylon  
  14  0:24  Probe (Chrono Boost)  
  15  0:37  Probe (Chrono Boost)  
  15  0:38  Assimilator  
  15  0:42  Gateway  
  16  0:46  Probe (Chrono Boost)  
  17  0:52  Probe  
  18  1:04  Probe  
  19  1:16  Probe  
  20  1:22  Nexus  
  20  1:32  Cybernetics Core  
  20  1:35  Probe  
  21  1:41  Assimilator  
  21  1:47  Probe  
  21  1:50  Pylon  
  22  1:59  Probe  
  23  2:08  Adept (Chrono Boost)  
  23  2:11  Probe  
  23  2:13  Stargate  
  26  2:22  Warp Gate  
  26  2:23  Probe  
  26  2:27  Adept  
  29  2:35  Probe x2  
  31  2:47  Probe x2  
  33  2:54  Adept  
  33  2:56  Oracle (Chrono Boost)  
  35  2:59  Probe x2  
  40  3:08  Pylon  
  40  3:11  Probe  
  40  3:12  Probe  
  42  3:21  Adept  
  42  3:23  Probe  
  42  3:24  Probe  
  44  3:27  Phoenix (Chrono Boost)  
  46  3:35  Probe  
  46  3:36  Probe  
  48  3:43  Phoenix (Chrono Boost)  
  48  3:47  Probe  
  52  3:48  Probe  
  52  3:50  Pylon  
  52  4:00  Probe x2  
  54  4:07  Phoenix (Chrono Boost)  
  56  4:12  Probe x2  
  56  4:14  Pylon x2  
  58  4:18  Assimilator x2  
  58  4:22  Gateway  
  58  4:23  Gateway  
  58  4:25  Phoenix  
  62  4:35  Nexus  
  62  4:37  Probe  
  61  4:39  Probe  
  62  4:49  Probe  
  62  4:50  Phoenix  
  62  4:51  Probe  
  66  4:55  Twilight Council  
  66  4:56  Forge  
  66  5:01  Probe  
  66  5:03  Probe  
  68  5:11  Pylon  
  68  5:13  Probe  
  68  5:14  Phoenix (Chrono Boost)  
  69  5:15  Probe  
  70  5:21  Adept x2  
  70  5:23  Adept  
  76  5:33  Phoenix  
  78  5:37  Probe  
  78  5:42  Adept x2  
  79  5:43  Probe  
  80  5:51  Adept  
  80  5:54  Probe  
  80  5:57  Probe  
  84  5:59  Phoenix  
  84  6:02  Probe  
  84  6:03  Adept  
  85  6:08  Adept  
  83  6:14  Probe x2  
  83  6:17  Probe  
  86  6:26  Probe  
  86  6:30  Stalker x2  
  86  6:31  Stalker  
  93  6:33  Probe  
  93  6:35  Probe  
Show
View Real Time Build Order
Export as new Build Order

SpeCial Terran 

Build Orders: Reaper Expand 

Get SALT Encoding   

  12  0:00  SCV  
  13  0:13  SCV  
  14  0:17  Supply Depot  
  14  0:25  SCV  
  15  0:38  SCV  
  15  0:40  Barracks  
  16  0:45  Refinery  
  16  0:51  SCV  
  17  1:03  SCV  
  18  1:15  SCV  
  19  1:27  Reaper  
  19  1:29  Orbital Command  
  20  1:44  Command Center  
  20  1:55  SCV  
  20  1:59  Marine  
  20  2:00  Supply Depot  
  22  2:10  Factory  
  22  2:11  SCV  
  23  2:20  Refinery  
  23  2:22  Barracks Reactor  
  23  2:23  SCV  
  24  2:35  SCV  
  25  2:46  Barracks  
  25  2:47  SCV  
  26  2:55  Starport  
  26  2:56  Hellion  
  28  2:59  Orbital Command  
  28  3:00  SCV  
  28  3:02  Marine  
  30  3:07  Marine  
  30  3:12  SCV  
  32  3:22  Widow Mine  
  32  3:24  SCV  
  35  3:27  SCV  
  35  3:32  Viking  
  38  3:36  SCV, Marine x2  
  38  3:37  Barracks Tech Lab  
  41  3:42  Supply Depot  
  41  3:44  SCV  
  41  3:48  SCV  
  43  3:49  Widow Mine  
  45  3:59  Marine x2  
  45  4:02  Marine  
  46  4:09  Stimpack  
  46  4:11  SCV  
  46  4:13  Widow Mine  
  46  4:15  Supply Depot  
  48  4:17  SCV, Marine  
  48  4:20  Medivac  
  48  4:23  SCV  
  53  4:26  Marine  
  54  4:36  Liberator  
  54  4:37  SCV x2, Marine x2  
  58  4:40  Barracks  
  58  4:42  Factory Tech Lab  
  56  4:49  SCV x2, Marine  
  57  4:54  Marine  
  61  5:00  Supply Depot  
  61  5:01  SCV  
  62  5:13  Engineering Bay  
  62  5:16  Factory Reactor  
  62  5:21  SCV x2, Marine x3  
  62  5:23  Supply Depot  
  67  5:30  Marine  
  67  5:33  SCV x2  
  70  5:39  Marine x2  
  70  5:40  Marine  
  70  5:45  SCV x2  
  70  5:56  Marine  
  71  5:57  SCV x2  
  67  6:05  Factory Reactor  
  67  6:06  Marine x2  
  67  6:10  SCV x2, Medivac x2  
  62  6:14  Marine  
  62  6:15  Supply Depot, Refinery  
  62  6:17  Marine  
  63  6:23  Missile Turret  
  63  6:24  Marine x2  
  63  6:25  Supply Depot  
  66  6:32  Marine, Barracks  
  65  6:34  Missile Turret  
  65  6:36  Missile Turret  
  65  6:42  Barracks  
  65  6:43  SCV  
  65  6:44  SCV  

Tags
 
Add a new tag
Caveats
  • Supply blocks, unpowered buildings, or Contaminate may cause inaccurate times.
  • Supply counts are checked every 10 seconds.